 Dungeon Crawl Stone Soup version 0.18.1-6-gd335043 (webtiles) character file.

56 Mefis the Magician (level 3, -3/19 HPs)
             Began as a Deep Elf Wizard on May 20, 2016.
             Slain by a hobgoblin
             ... wielding a +0 club
             ... led by Robin
              (4 damage)
             ... on level 1 of the Dungeon.
             The game lasted 00:03:53 (2192 turns).

Mefis the Magician (Deep Elf Wizard)                Turns: 2192, Time: 00:03:54

Health: -3/19      AC:  3    Str:  4    XL:     3   Next: 69%
Magic:  0/11       EV: 13    Int: 23    God:
Gold:   31         SH:  0    Dex: 13    Spells: 5 memorised, 1 level left

rFire  . . .     SeeInvis .     e - +0 dagger
rCold  . . .     Gourm    .     a - +0 robe
rNeg   . . .     Faith    .     (no shield)
rPois  .         Spirit   .     m - +0 helmet
rElec  .         Dismiss  +     (no cloak)
rCorr  .         Reflect  .     (no gloves)
SustAt .         Harm     .     (no boots)
MR     .....                    h - amulet of dismissal
Stlth  ++........               (no ring)
                                (no ring)

@: repel missiles, not resistant to hostile enchantments, unstealthy
A: no striking features
a: no special abilities


You were on level 1 of the Dungeon.
You were hungry.

You visited 1 branch of the dungeon, and saw 2 of its levels.

You collected 31 gold pieces.

Inventory:

Hand Weapons
 e - a +0 dagger (weapon)
 j - a +0 hunting sling
Missiles
 k - 9 sling bullets
 l - 6 poisoned needles
Armour
 a - a +0 robe (worn)
 b - a +0 hat
 m - a +0 helmet (worn)
Jewellery
 f - an uncursed amulet of the gourmand
 h - an amulet of dismissal (around neck)
Scrolls
 g - a scroll of identify {unknown}
 i - a scroll of teleportation {unknown}
Books
 c - a book of Minor Magic

   Spells                             Type                      Level
   a - Magic Dart                     Conjuration                  1
   b - Blink                          Translocation                2
   c - Call Imp                       Summoning                    2
   d - Repel Missiles                 Charms/Air                   2
   e - Slow                           Hexes                        2
   f - Conjure Flame                  Conjuration/Fire             3
   g - Mephitic Cloud                 Conjuration/Poison/Air       3
Comestibles
 d - a bread ration


   Skills:
 + Level 2.6 Dodging
 + Level 2.8 Stealth
 + Level 4.9 Spellcasting
 * Level 2.6 Conjurations
 + Level 1.8 Summonings
 - Level 1.1 Translocations
 + Level 0.4 Poison Magic


You had one spell level left.
You knew the following spells:

 Your Spells              Type           Power        Failure   Level  Hunger
a - Magic Dart            Conj           ###.         3%          1    None
b - Call Imp              Summ           ##......     10%         2    None
c - Blink                 Tloc           N/A          12%         2    None
d - Repel Missiles        Chrm/Air       #.....       17%         2    None
e - Mephitic Cloud        Conj/Pois/Air  ##......     21%         3    ##.....


Dungeon Overview and Level Annotations

Branches:
Dungeon (2/15)

Altars:


Message History

The hobgoblin barely misses you.
You are too injured to fight recklessly!
You are too injured to fight recklessly!
You hit the hobgoblin but do no damage.
The hobgoblin is almost dead.
The hobgoblin misses you.
You closely miss the hobgoblin.
The hobgoblin is almost dead.
The hobgoblin hits you with a club.
* * * LOW HITPOINT WARNING * * *
You hit the hobgoblin but do no damage.
The hobgoblin is almost dead.
You closely miss the hobgoblin.
The hobgoblin is almost dead.
The hobgoblin hits you with a club.
* * * LOW HITPOINT WARNING * * *
You barely miss the hobgoblin.
The hobgoblin is almost dead.
The hobgoblin hits you with a club.
You die...

#........#.# #.......#
#........#.# #.......#
##############.#.# #########
.....### #.#.# .......###
#.#.##### .........## #.......#
####......## #...###.#
######.....###)g)# #.#######
....###.....##.÷@# #.#.....#
......##....##.#'###.#.....######
###...###....#....##.'...........
####...##....#....####.....######
#.<##..##....##...##............#
#.##..###....##...##............#
#.....##....###...##............#
#######....## #...##....†.......#
.####......# #...##............#


You could see a hobgoblin.

Vanquished Creatures
  Robin (D:2)
  4 dart slugs (D:1)
  3 giant geckos (D:1)
  2 bats (D:1)
  A giant cockroach (D:1)
  12 goblins
  3 hobgoblins (D:1)
  A jackal (D:1)
  2 kobolds (D:1)
  3 rats (D:1)
32 creatures vanquished.

Notes
Turn   | Place    | Note
--------------------------------------------------------------
     0 | D:1      | Mefis the Deep Elf Wizard began the quest for the Orb.
     0 | D:1      | Reached XP level 1. HP: 10/10 MP: 7/7
   496 | D:1      | Reached XP level 2. HP: 15/15 MP: 5/9
   500 | D:1      | Learned a level 2 spell: Call Imp
   503 | D:1      | Learned a level 2 spell: Blink
   506 | D:1      | Learned a level 2 spell: Repel Missiles
  1529 | D:1      | Reached XP level 3. HP: 19/19 MP: 2/11
  1534 | D:1      | Learned a level 3 spell: Mephitic Cloud
  2009 | D:2      | Noticed Robin
  2170 | D:2      | Killed Robin
  2192 | D:1      | Slain by a hobgoblin

Skill      XL: |  1  2 |
---------------+-------+-----
Conjurations   | 2 |  2.6
Dodging        | |  2.6
Stealth        | |  2.8
Spellcasting   | |  4.9
Summonings     | |  1.8
Translocations | |  1.1
Poison Magic   | |  0.4

Action                   || total
-------------------------++-------
Melee: Dagger            ||    20
       Unarmed           ||     2
 Cast: Magic Dart        ||    84
       Repel Missiles    ||     2
       Mephitic Cloud    ||     1
  Eat: Chunk             ||     3
Armor: Robe              ||     2
Dodge: Dodged            ||    17
       Deflected         ||     3
